General information
- name: 1v1 Obs SV /w AriS vck
- type: Custom game
- host: AriS.Sataprac
- saver: TIMG4STRok
map: TurtleRock
- players: 5
- length: 11:24
- speed: Fast
- version: 1.24 W3XP
- replay type:

» download(117 KB)
Players
team 1 (loser)
AriS.Sataprac (
red | 213 APM | 2426 actions | 11:24)
3 Blademaster
2 Wind Walk
1 Critical Strike
1 Shadow Hunter
1 Hex
» actions
| Assign group hotkey | 29 | |
| Basic commands | 33 | |
| Build / train | 45 | |
| Enter build submenu | 14 | |
| Enter hero's abilities submenu | 4 | |
| Give item / drop item | 2 | |
| Remove unit from queue | 8 | |
| Right click | 1201 | |
| Select / deselect | 299 | |
| Select group hotkey | 718 | |
| Use ability | 73 | |
2426 total
» units
| Peon | 9 | |
| Grunt | 3 | |
| Raider | 5 | |
| Spirit Walker | 1 | |
18 total
» upgrades
| Berserker Strength | 1 | |
| Ensnare | 1 | |
2 total
» buildings
| Altar of Storms | 2 | |
| Orc Burrow | 3 | |
| Barracks | 1 | |
| Voodoo Lounge | 2 | |
| Stronghold | 2 | |
| Spirit Lodge | 2 | |
| Beastiary | 1 | |
| War Mill | 2 | |
15 total
» build order
00:05 Altar of Storms
00:08 Altar of Storms
00:18 Orc Burrow
00:33 Barracks
01:34 Orc Burrow
01:55 Voodoo Lounge
03:12 Stronghold
03:12 Stronghold
04:38 Orc Burrow
05:52 Spirit Lodge
06:33 Beastiary
06:35 Spirit Lodge
07:31 Voodoo Lounge
07:58 War Mill
08:03 War Mill
» items
| Healing Salve | 3 | |
| Scroll of Speed | 2 | |
| Boots of Speed | 1 | |
| Circlet of Nobility | 2 | |
| Potion of Healing | 1 | |
9 total
team 2 (winner)
TIMG4STRok (
gray | 176 APM | 2012 actions | 11:25)
2 Far Seer
1 Feral Spirit
1 Chain Lighting
2 Shadow Hunter
1 Hex
1 Healing Wave
» actions
| Assign group hotkey | 23 | |
| Basic commands | 20 | |
| Build / train | 32 | |
| Enter build submenu | 10 | |
| Enter hero's abilities submenu | 4 | |
| Right click | 974 | |
| Select / deselect | 229 | |
| Select group hotkey | 620 | |
| Use ability | 100 | |
2012 total
» units
» upgrades
» buildings
| Altar of Storms | 1 | |
| Orc Burrow | 4 | |
| Stronghold | 1 | |
| Voodoo Lounge | 1 | |
| Beastiary | 3 | |
| War Mill | 1 | |
11 total
» build order
00:05 Altar of Storms
00:16 Orc Burrow
01:50 Stronghold
01:56 Voodoo Lounge
02:05 Orc Burrow
04:12 Beastiary
04:12 Beastiary
04:16 Orc Burrow
04:18 Beastiary
04:44 Orc Burrow
07:51 War Mill
» items
| Healing Salve | 3 | |
| Lesser Clarity Potion | 3 | |
| Scroll of Speed | 2 | |
| Potion of Healing | 1 | |
9 total
observersBluePurgatory,
mebored,
Nobama Chat log
(00:10 / All) TIMG4STRok: dont expect my usual 230 apm self
(00:23 / All) TIMG4STRok: ok???
(00:36 / All) TIMG4STRok: Huh.
(00:40 / All) TIMG4STRok: hey
(00:43 / All) TIMG4STRok: manner is to wait
(00:46 / All) TIMG4STRok: and ask me ready
(00:53 / All) AriS.Sataprac: stick a sock in it dunce
(00:57 / All) TIMG4STRok: be nice
(01:12 / All) TIMG4STRok: work complete work complete
(02:54 / All) TIMG4STRok: gay
(07:32 / All) TIMG4STRok: impossible to click
(07:34 / All) TIMG4STRok: a hexed unit
(11:24 / All) AriS.Sataprac: Ggso gay